 Dungeon Crawl Stone Soup version 0.28-a0-1555-g9ae15a6949 (webtiles) character file.

Game seed: 14490743585738374244

41 leviel the Skirmisher (level 3, -2/33 HPs)
             Began as a Hill Orc Fighter on Jan 19, 2022.
             Slain by an ogre (22 damage)
             ... on level 2 of the Dungeon.
             The game lasted 00:01:49 (1155 turns).

leviel the Skirmisher (Hill Orc Fighter)            Turns: 1155, Time: 00:01:50

Health: -2/33      AC:  8    Str: 20    XL:     3   Next: 52%
Magic:  3/3        EV:  9    Int:  8    God:
Gold:   85         SH:  4    Dex: 10    Spells: 2/2 levels left

rFire   . . .      SeeInvis .   a - +0 war axe
rCold   . . .      Faith    .   c - +0 buckler
rNeg    . . .      Spirit   .   b - +0 scale mail
rPois   +          Reflect  .   (no helmet)
rElec   .          Harm     .   (no cloak)
rCorr   +          Rampage  .   (no gloves)
Will    .....                   h - +0 pair of boots
Stlth   ..........              (no amulet)
HPRegen 0.11/turn               k - ring of resist corrosion
MPRegen 0.08/turn               l - ring of poison resistance

@: mighty
A: no striking features
a: no special abilities


You were on level 2 of the Dungeon.
You visited 1 branch of the dungeon, and saw 2 of its levels.

You collected 85 gold pieces.

Inventory:

Hand Weapons
 a - a +0 war axe (weapon)
Armour
 b - a +0 scale mail (worn)
 c - a +0 buckler (worn)
 h - a +0 pair of boots (worn)
Jewellery
 k - a ring of resist corrosion (left hand)
 l - a ring of poison resistance (right hand)
Scrolls
 f - a scroll of fog
Potions
 g - a potion of curing {unknown}
 i - a potion of attraction {unknown}


   Skills:
 + Level 4.1 Fighting
 * Level 3.5 Axes
 + Level 3.7 Armour
 + Level 3.7 Shields


You had 2 spell levels left.
You didn't know any spells.
Your spell library was empty.

Dungeon Overview and Level Annotations

Branches:
Dungeon (2/15)

Altars:
Ashenzari


Message History

You are too injured to fight recklessly!
You are too injured to fight recklessly!
You are too injured to fight recklessly!
You are too injured to fight recklessly!
You are too injured to fight recklessly!
You are too injured to fight recklessly!
You are too injured to fight recklessly!
You are too injured to fight recklessly!
You are too injured to fight recklessly!
You are too injured to fight recklessly!
You hit the quokka.
You kill the quokka!
You see here a hobgoblin corpse.
You hit the goblin but do no damage. The goblin closely misses you. x2
You hit the goblin but do no damage. The goblin hits you but does no damage.
You slash the goblin!
You kill the goblin!
l - a ring of poison resistance
k - a ring of resist corrosion (left hand)
l - a ring of poison resistance (right hand)
As you read the scroll labelled KYNECL BABLO, it crumbles to dust.
It is a scroll of identify.
f - a scroll of fog
As you read the scroll labelled RIVIJE QASALOSADE, it crumbles to dust.
You feel strangely unstable.
It was a scroll of teleportation.
Your surroundings suddenly seem different.
An ogre comes into view. It is wielding a +0 giant club.
The ogre shouts!
An ogre is nearby!
You feel very mighty all of a sudden.
Found a long sword.
The ogre hits you with a +0 giant club!
You slash the ogre!
The ogre is moderately wounded.
The ogre misses you.
You slice the ogre!!
The ogre is almost dead.
The ogre hits you with a +0 giant club!!
Ouch! That really hurt!
You die...

#....## ##....♣♣♣........
#.....# ##......♣.........
#...#.######.........†)......
#...#..##....♣..........♣....
#...##.#....♣♣..........♣ .
#...##......................
#...###.#.......♣♣♣♣♣♣......
#...# #........♣♣ ♣......
####...####.♣...@.♣ ......
............♣♣..O.♣ .....♣
###########.♣.....♣ ...♣
....#.. ........♣ ..#.#.#
#.......♣ ..#.#.### ##.......
..#.#.... #....)... .....#
.#..♣♣... .....#


You could see an ogre.

Vanquished Creatures
  4 endoplasms
  2 giant cockroaches (D:1)
  2 goblins
  6 hobgoblins
  3 jackals (D:1)
  5 quokkas
  6 ball pythons (D:1)
  A frilled lizard (D:2)
  3 kobolds
  A rat (D:1)
33 creatures vanquished.

Notes
Turn   | Place    | Note
-------+----------+-------------------------------------------
     0 | D:1      | leviel the Hill Orc Fighter began the quest for the Orb.
     0 | D:1      | Reached XP level 1. HP: 19/19 MP: 1/1
   157 | D:1      | Reached XP level 2. HP: 25/27 MP: 2/2
   649 | D:1      | Reached skill level 4 in Fighting
   733 | D:1      | Reached XP level 3. HP: 28/33 MP: 3/3
  1109 | D:2      | Found a broken altar of Ashenzari.
  1149 | D:2      | Noticed an ogre
  1155 | D:2      | Slain by an ogre

Illustrated notes

Levels and vault maps discovered:
D:1:      minmay_arrival_up_and_down, layout_basic, minivault_24
D:2:      layout_basic, basic_altar, kennysheep_decorative_pillar

Skill      XL: |  1  2 |
---------------+-------+-----
Axes           | 3 |  3.5
Fighting       | 4 |  4.1
Armour         | |  3.7
Shields        | |  3.7

Action                   || total
-------------------------++-------
Melee: War axe           ||    80
  Use: Scroll            ||     2
       Potion            ||     1
Armor: Scale mail        ||    29
Dodge: Dodged            ||    42
Block: Buckler           ||    18

Table legend: (Time is in decaauts)
 A = Elapsed time spent in this place.
 B = Non-inter-level travel time spent in this place.
 C = Inter-level travel time spent in this place.
 D = Time resting spent in this place.
 E = Time spent auto-exploring this place.
 F = Levels seen in this place.
 G = Mean time per level.
                   A        B        C        D        E       F      G
               +--------+--------+--------+--------+--------+-----+--------+
         Total |   1184 |   1121 |     63 |      0 |    918 |   2 |  592.0 |
       Dungeon |   1184 |   1121 |     63 |      0 |    918 |   2 |  592.0 |
               +--------+--------+--------+--------+--------+-----+--------+

Top non-repeatable levels by time:
     D:1: 996 daAuts
     D:2: 188 daAuts
